Workbook

Sheet receiptsandpayment
A4: 2024/25 | B4: LUDGERSHALL PARISH COUNCIL | C4: Power/Statute
A5: 1st April | B5: balances | D5: Treasurer | E5: 4272.11
D6: Village Green | E6: 77959.61
D7: Play Area | E7: 7209
D8: Charities | E8: 447.75
D9: total | E9: =SUM(E5:E8) -> 89888.47 | I9: INCOME | X9: EXPENDITURE
D10: total minus Cheque 425 | E10: =SUM(E9)-25 -> 89863.47
A11: date | B11: description | D11: Cheque Number | E11: Treasurer's a/c | F11: Village Green a/c | G11: Play Area a/c | H11: Charities | I11: Precept | J11: Devolved Services | K11: Interest - Savings | L11: Marquee Hire | M11: Grants / Donations | N11: Reclaimable VAT | O11: Miscellaneous | P11: Transfer Between Accounts | Q11: Play Area Fundraising | R11: Play Area 200 Club Subscriptions | S11: Interest - Village Green | T11: Easements | U11: Wayleaves/Village Green - BT | V11: Wayleaves/Village Green - Power Networks | W11: Wayleaves/Village Green - Gigaclear | X11: Clerk salary | Y11: HMRC PAYE | Z11: Clerk / Councillor expenses | AA11: Training | AB11: Subscriptions - BALC, SLCC, BPFA, OSS, AVALC | AC11: Insurance | AD11: Legal fees & Data Protection/ICO | AE11: Election Costs | AF11: Internal Audit | AG11: External Audit | AH11: Hire of Village Hall for meetings | AI11: Transfer between Accounts | AJ11: Devolved Services | AK11: Coronation Events | AL11: Pond | AM11: Emptying dog bins | AN11: Electrical Equipment | AO11: Grants | AP11: Website / Laptop | AQ11: Archiving | AR11: Footpaths | AS11: VAT | AT11: Play Area Maintenance | AU11: Play Area Equipment | AV11: 200 Club Lottery Registration | AW11: Play Area 200 Club Prizes | AX11: ROSPA Inspection | AY11: Trees / Ground Maintenance | AZ11: Village Notice Boards / Benches - maintenance & repairs | BA11: Legal Fees for the Green | BB11: Tractor Insurance | BC11: Tractor Servicing & Repairs | BD11: Mower Servicing & Repairs | BE11: Miscellaneous | BF11: Monthly payments | BG11: Monthly receipts
A12: 45385 | B12: Openreach - Wayleave | D12: BACS | F12: 10 | U12: 10
A13: 45391 | B13: Bucks Council - Devolved Services | D13: BACS | E13: 1450.02 | J13: 1450.02
A14: 45391 | B14: Interest | D14: BACS | F14: 80.58 | H14: 0.46 | K14: 0.46 | S14: 80.58
A15: 45392 | B15: Bucks Council - Precept | D15: BACS | E15: 5467.5 | I15: 5467.5
A16: 45392 | B16: Jaam Design - Report and repairs to Play Area | D16: BACS | G16: 978.6 | AS16: 163.1 | AT16: 815.5
A17: 45392 | B17: BALC - Subscription | D17: BACS | E17: 66.78 | AB17: 66.78
A18: 45392 | B18: Bucks Council - Dog Bins | D18: BACS | E18: 403.54 | AM18: 336.28 | AS18: 67.26
A19: 45392 | B19: R Damerell - Printer Ink | D19: BACS | E19: 22.9 | Z19: 22.9
A20: 45036 | B20: R Damerell - Small Lottery License | D20: BACS | E20: 20 | AV20: 20
A21: 45404 | B21: C Brown - Eggs for Easter Event | D21: BACS | G21: 22.5 | AT21: 22.5
A22: 45407 | B22: J Goss - Petrol | D22: BACS | G22: 25.24 | AT22: 25.24
A23: 45407 | B23: B Cartwright - Ditch Pipe | D23: BACS | E23: 210 | AS23: 35 | BE23: 175
A24: 45411 | B24: R Damerell - Clerk Salary | D24: BACS | E24: 259.32 | X24: 259.32
A25: 45411 | B25: HMRC - PAYE | D25: BACS | E25: 64.6 | Y25: 64.6
A26: 45411 | B26: R Damerell - Zoom Subs | D26: BACS | E26: 15.99 | Z26: 15.99
A27: 45017 | B27: 200 Club 1st Prize | D27: 521 | G27: 50 | AW27: 50
A28: 45017 | B28: 200 Club 2nd Prize | D28: 522 | G28: 35 | AW28: 35
A29: 45017 | B29: 200 Club 3rd Prize | D29: 523 | G29: 25 | AW29: 25
A30: 45017 | B30: 200 Club 4th Prize | D30: 524 | G30: 20 | AW30: 20 | BF30: =SUM(X12:BE30) -> 2219.47 | BG30: =SUM(I12:W30) -> 7008.56
A31: 45421 | B31: Interest | D31: BACS | F31: 83.4 | H31: 0.48 | K31: 0.48 | S31: 83.4
A32: 45421 | B32: Fishing Club Subs | D32: BACS | E32: 280 | O32: 280
A33: 45429 | B33: Marquee Hire | D33: BACS | E33: 150 | L33: 150
A34: 45429 | B34: JM Rogers - Fishing Club Sub | D34: BACS | E34: 10 | O34: 10
A35: 45421 | B35: C Lewin - Postage stamps for Fishing Club AGM | D35: BACS | E35: 21.6 | Z35: 21.6
A36: 45434 | B36: Amazon - Printer Ink | D36: BACS | E36: 22.7 | AP36: 22.7
A37: 45443 | B37: AJ Gallagher - PC Liability Insurance | D37: BACS | E37: 1691.1 | AC37: 1691.1
A38: 45443 | B38: AJ Gallagher - Tractor Insurance | D38: BACS | E38: 536.16 | AC38: 536.16
A39: 45443 | B39: Bridget Knight - Internal Audit | D39: BACS | E39: 120 | AF39: 120
A40: 45443 | B40: Playsafety - Play Area Inspection & Report | D40: BACS | E40: 230.4 | AS40: 38.4 | AX40: 192
A41: 45443 | B41: HMRC - PAYE | D41: BACS | E41: 33.6 | Y41: 33.6
A42: 45443 | B42: R Damerell - Zoom Subs | D42: BACS | E42: 15.59 | AP42: 15.59
A43: 45443 | B43: R Damerell - Clerk Salary | D43: BACS | E43: 290.32 | X43: 290.32
A44: 45413 | B44: 200 Club 1st Prize - May | D44: 525 | G44: 50 | AW44: 50
A45: 45413 | B45: 200 Club 2nd Prize - May | D45: 526 | G45: 35 | AW45: 35
A46: 45413 | B46: 200 Club 3rd Prize - May | D46: 527 | G46: 25 | AW46: 25
A47: 45413 | B47: 200 Club 4th Prize - May | D47: 528 | G47: 20 | AW47: 20 | BF47: =SUM(X31:BE47) -> 3091.47 | BG47: =SUM(I31:W47) -> 523.88
A48: 45452 | B48: Interest | F48: 89.05 | H48: 0.51 | K48: 0.51 | S48: 89.05
A49: 45457 | B49: RA & JA Forster - Fishing Club Sub | E49: 10 | O49: 10
A50: 45447 | B50: Ludgershall Fishing Club - Transfer to Fishing Club account | E50: 300 | AL50: 300
A51: 45470 | B51: HMRC - PAYE | E51: 49.2 | Y51: 49.2
A52: 45470 | B52: J Goss - Petrol | E52: 25.23 | Z52: 25.23
A53: 45470 | B53: Ludgershall Memorial Hall hire | E53: 176 | AH53: 176
A54: 45470 | B54: R Damerell - Clerk Salary | E54: 274.72 | X54: 274.72
A55: 45470 | B55: R Damerell - Zoom Subs | E55: 15.59 | AP55: 15.59
A56: 45444 | B56: 200 Club June 1st Prize | D56: 529 | G56: 50 | AW56: 50
A57: 45444 | B57: 200 Club June 2nd Prize | D57: 530 | G57: 35 | AW57: 35
A58: 45444 | B58: 200 Club June 3rd Prize | D58: 531 | G58: 25 | AW58: 25
A59: 45444 | B59: 200 Club June 4th Prize | D59: 532 | G59: 20 | AW59: 20 | BF59: =SUM(X48:BE59) -> 970.74 | BG59: =SUM(I48:W59) -> 99.56
A60: 45475 | B60: Bike Night Donations | G60: 480 | Q60: 480
A61: 45475 | B61: Bike Night Donations | G61: 210 | Q61: 210
A62: 45490 | B62: T Chettle - Tombola | G62: 10 | Q62: 10
A63: 45482 | B63: Interest | F63: 80.79 | H63: 0.46 | K63: 0.46 | S63: 80.79
A64: 45499 | B64: Zoom Subs | E64: 15.59 | AB64: 15.59
A65: 45503 | B65: R Damerell - Clerk Salary | E65: 274.92 | X65: 274.92
A66: 45503 | B66: HMRC - PAYE | E66: 49 | Y66: 49
A67: 45474 | B67: 200 Club July 1st | D67: 533 | G67: 50 | AW67: 50
A68: 45474 | B68: 200 Club July 2nd | D68: 534 | G68: 35 | AW68: 35
A69: 45474 | B69: 200 Club July 3rd | D69: 535 | G69: 25 | AW69: 25
A70: 45474 | B70: 200 Club July 4th | D70: 536 | G70: 20 | AW70: 20 | BF70: =SUM(X60:BE70) -> 469.51 | BG70: =SUM(I60:W70) -> 781.25
A71: 45513 | B71: Fishing Club Subs | E71: 10 | O71: 10
A72: 45513 | B72: Interest | F72: 77.45 | H72: 0.44 | K72: 0.44 | S72: 77.45
A73: 45533 | B73: Fishing Club Subs | E73: 10 | O73: 10
A74: 45533 | B74: Fishing Club Subs | E74: 10 | O74: 10
A75: 45534 | B75: UKPN - Wayleave | F75: 219.13 | V75: 219.13
A76: 45534 | B76: Santingfield - Easement Legal | F76: 100 | T76: 100
A77: 45512 | B77: Jim Goss - Petrol | E77: 49.76 | AJ77: 49.76
A78: 45518 | B78: HP - PC Laptop | E78: 411.98 | AP78: 411.98
A79: 45531 | B79: Zoom Subs | E79: 15.59 | AP79: 15.59
A80: 45534 | B80: R Damerell - Clerk Salary | E80: 274.92 | X80: 274.92
A81: 45534 | B81: HMRC - PAYE | E81: 49 | Y81: 49
B82: VOID | D82: 537
A83: 45505 | B83: 200 Club August 1st Prize | D83: 538 | G83: 50 | AW83: 50
A84: 45505 | B84: 200 Club August 2nd Prize | D84: 539 | G84: 35 | AW84: 35
A85: 45505 | B85: 200 Club August 3rd Prize | D85: 540 | G85: 25 | AW85: 25
A86: 45505 | B86: 200 Club August 4th Prize | D86: 541 | G86: 20 | AW86: 20
A87: 45526 | B87: Cheque 425 (200 Club) | D87: 425 | G87: 25 | AW87: 25
A88: 45534 | B88: Ludgershall Fishing Club Sub | G88: 20 | AL88: 20 | BF88: =SUM(X71:BE88) -> 976.25 | BG88: =SUM(I71:W88) -> 427.02
A89: 45544 | B89: Interest | F89: 66.65 | H89: 0.38 | K89: 0.38 | S89: 66.65
A90: 45548 | B90: Bucks Council - Precept | E90: 5467.5 | I90: 5467.5
A91: 45553 | B91: B Cartwright - Drain Shingle | E91: 162 | AJ91: 162
A92: 45561 | B92: Zoom Subs | E92: 15.59 | AP92: 15.59
A93: 45561 | B93: Printer Ink | E93: 18.89 | AP93: 18.89
A94: 45565 | B94: R Damerell - Clerk Salary | E94: 274.92 | X94: 274.92
A95: 45565 | B95: HMRC - PAYE | E95: 49 | Y95: 49
A96: 45540 | B96: 200 Club Subs | G96: 20 | R96: 20
A97: 45545 | B97: 200 Club Subs | G97: 20 | R97: 20
A98: 45536 | B98: 200 Club 1st Prize | G98: 50 | AW98: 50
A99: 45536 | B99: 200 Club 2nd Prize | G99: 35 | AW99: 35
A100: 45536 | B100: 200 Club 3rd Prize | G100: 25 | AW100: 25
A101: 45536 | B101: 200 Club 4th Prize | G101: 20 | AW101: 20 | BF101: =SUM(X89:BE101) -> 650.4 | BG101: =SUM(I89:W101) -> 5574.53
A102: 45574 | B102: Interest | F102: 64.74 | H102: 0.37 | K102: 0.37 | S102: 64.74
A103: 45589 | B103: Openreach - Wayleave | F103: 2626.76 | U103: 2626.76
...

Sheet bankrec
B5: LUDGERSHALL PARISH COUNCIL BANK RECONCILIATION
C7: 45382 | D7: 45412 | E7: 45443 | F7: 45473 | G7: 45504 | H7: 45535 | I7: 45565 | J7: 45596 | K7: 45626 | L7: 45657 | M7: 45688 | N7: 45716 | O7: 45747
B9: Treasurer's Current A/c | C9: 4272.11 | D9: 10126.5 | E9: 7605.03 | F9: 6774.29 | G9: 6434.78 | H9: 5663.53 | I9: 10610.63 | J9: 10264.88 | K9: 9802.52 | L9: 9376.16 | M9: 8851.01 | N9: 7915.01
B10: Village Green A/c | C10: 77959.61 | D10: 78050.19 | E10: 78133.59 | F10: 78222.64 | G10: 78303.43 | H10: 78700.01 | I10: 78766.66 | J10: 81458.16 | K10: 81530.8 | L10: 81593.34 | M10: 81662.64 | N10: 81734.23
B11: Play Area A/c | C11: 7209 | D11: 6077.66 | E11: 5872.66 | F11: 5837.66 | G11: 6412.66 | H11: 6317.66 | I11: 6277.66 | J11: 6888.43 | K11: 7268.43 | L11: 8941.34 | M11: 9179.34 | N11: 9179.34
B12: Charities A/c | C12: 447.75 | D12: 448.21 | E12: 448.69 | F12: 449.2 | G12: 449.66 | H12: 450.1 | I12: 450.48 | J12: 450.85 | K12: 451.26 | L12: 451.61 | M12: 451.99 | N12: 452.39
B13: Total | C13: 89888.47 | D13: =SUM(D9:D12) -> 94702.56 | E13: =SUM(E9:E12) -> 92059.97 | F13: =SUM(F9:F12) -> 91283.79 | G13: =SUM(G9:G12) -> 91600.53 | H13: =SUM(H9:H12) -> 91131.3 | I13: =SUM(I9:I12) -> 96105.43 | J13: =SUM(J9:J12) -> 99062.32 | K13: =SUM(K9:K12) -> 99053.01 | ... O13: =SUM(O9:O12) -> 0
A16: A | B16: Change in Bank Balance (A) | C16: -250.62 | D16: =D13-C13 -> 4814.09 | E16: =E13-D13 -> -2642.59 | F16: =F13-E13 -> -776.18 | G16: =G13-F13 -> 316.74 | H16: =H13-G13 -> -469.23 | I16: =I13-H13 -> 4974.13 | J16: =J13-I13 -> 2956.89 | K16: =K13-J13 -> -9.31 | ... O16: =O13-N13 -> -99280.97
B19: Receipts | C19: 1556.42 | D19: =receiptsandpayment!BG30 -> 7008.56 | E19: =receiptsandpayment!BG47 -> 523.88 | F19: =receiptsandpayment!BG59 -> 99.56 | G19: =receiptsandpayment!BG70 -> 781.25 | H19: =receiptsandpayment!BG88 -> 427.02 | I19: =receiptsandpayment!BG101 -> 5574.53 | J19: =receiptsandpayment!BG141 -> 3477.11 | K19: =receiptsandpayment!BG164 -> 533.05 | L19: =receiptsandpayment!BG190 -> 2584.69 | M19: =receiptsandpayment!BG204 -> 407.68 | N19: =receiptsandpayment!BG211 -> 71.99 | O19: =receiptsandpayment!BG211 -> 71.99
B20: Payments | C20: 1842.04 | D20: =receiptsandpayment!BF30 -> 2219.47 | E20: =receiptsandpayment!BF47 -> 3091.47 | F20: =receiptsandpayment!BF59 -> 970.74 | G20: =receiptsandpayment!BF70 -> 469.51 | H20: =receiptsandpayment!BF88 -> 976.25 | I20: =receiptsandpayment!BF101 -> 650.4 | J20: =receiptsandpayment!BF141 -> 530.22 | K20: =receiptsandpayment!BF164 -> 592.36 | L20: =receiptsandpayment!BF190 -> 1195.25 | M20: =receiptsandpayment!BF204 -> 655.15 | N20: =receiptsandpayment!BF211 -> 1066 | O20: =receiptsandpayment!BF211 -> 1066
B21: Difference(B) | C21: -285.62 | D21: =D19-D20 -> 4789.09 | E21: =E19-E20 -> -2567.59 | F21: =F19-F20 -> -871.18 | G21: =G19-G20 -> 311.74 | H21: =H19-H20 -> -549.23 | I21: =I19-I20 -> 4924.13 | J21: =J19-J20 -> 2946.89 | K21: =K19-K20 -> -59.31 | ... O21: =O19-O20 -> -994.01
B25: Difference (A-B) | C25: 35 | D25: =D16-D21 -> 25 | E25: =E16-E21 -> -75 | F25: =F16-F21 -> 95 | G25: =G16-G21 -> 5 | H25: =H16-H21 -> 80 | I25: =I16-I21 -> 50 | J25: =J16-J21 -> 10 | K25: =K16-K21 -> 50 | ... O25: =O16-O21 -> -98286.96
B28: Cheques now paid | C28: Cheque 510 - £35.00 Cheque 514 - £35.00 | D28: Cheque 517 - £50.00 Cheque 518 - £35.00 Cheque 520 - £20.00 | E28: Cheque 521 - £50.00 Cheque 522 - £35.00 Cheque 523 - £25.00 Cheque 524 - £20.00 | F28: Cheque 526 - £35.00 | G28: Cheque 528 - £20.00 Cheque 529 - £50.00 Cheque 530 - £35.00 Cheque 532 - £20.00 | H28: Cheque 531 - £25.00 | I28: Cheque 535 - £25.00 Cheque 536 - £20.00 | J28: Cheque 421 - £20.00 Cheque 423 - £50.00 Cheque 537 - £50.00 | K28: Cheque 430 - £20.00 | L28: Cheque 428 - £35.00 Cheque 429 - £25.00 Cheque 434 - £20.00 | M28: Cheque 427 - £50.00 Cheque 431 - £50.00
B29: TOTAL | C29: 70 | D29: 105 | E29: 130 | F29: 35 | G29: 125 | H29: 25 | I29: 45 | J29: 120 | K29: 20 | L29: 80 | M29: 100
B30: Cheques not yet presented | C30: Cheque 517 - £50.00 Cheque 518 - £35.00 Cheque 520 - £20.00 | D30: Cheque 521 - £50.00 Cheque 522 - £35.00 Cheque 523 - £25.00 Cheque 524 - £20.00 | E30: Cheque 526 - £35.00 Cheque 528 - £20.00 | F30: Cheque 529 - £50.00 Cheque 530 - £35.00 Cheque 531 - £25.00 Cheque 532 - £20.00 | G30: Cheque 533 - £50.00 Cheque 534 - £35.00 Cheque 535 - £25.00 Cheque 536 - £20.00 | H30: Cheque 537 - £50.00 Cheque 538 - £35.00 Cheque 421 - £20.00 | I30: Cheque 423 - £50.00 Cheque 425 - £25.00 Cheque 426 - £20.00 | J30: Cheque 427 - £50.00 Cheque 428 - £35.00 Cheque 429 - £25.00 Cheque 430 - £20.00 | K30: Cheque 431 - £50.00 Cheque 434 - £20.00 | M30: Cheque 436 - £50.00 Cheque 437 - £35.00 Cheque 438 - £25.00 Cheque 439 - £20.00 | N30: Cheque 440 - £50.00 Cheque 441 - £35.00 Cheque 442 - £25.00 Cheque 443 - £20.00
B31: TOTAL | C31: 105 | D31: 130 | E31: 55 | F31: 130 | G31: 130 | H31: 105 | I31: 95 | J31: 130 | K31: 70 | L31: 0 | M31: 130 | N31: 130
B32: NET TOTAL AGREES TO DIFFERENCE (A-B above) | C32: 35 | D32: =D31-D29 -> 25 | E32: =E31-E29 -> -75 | F32: =F31-F29 -> 95 | G32: =G31-G29 -> 5 | H32: =H31-H29 -> 80 | I32: =I31-I29 -> 50 | J32: =J31-J29 -> 10 | K32: =K31-K29 -> 50 | ... O32: =O31-O29 -> 0

Sheet Budget
B2: Ludgershall Parish Council
H5: 2024/25
H6: Budget | I6: Year to Date 2023/24
B7: Opening Bank Balance 1st April | H7: 89888.47
B8: Unpresented chq | H8: 105
B9: Opening Book Balance - available for spend | H9: =SUM(H7-H8) -> 89783.47
B11: RECEIPTS
A12: Treasurers | B12: Precept | H12: 10935 | I12: =receiptsandpayment!I318 -> 10935
B13: Devolved Services Allowance from BCC | H13: 1400 | I13: =receiptsandpayment!J318 -> 1450.02
B14: Interest - Savings a/c | H14: 4.5 | I14: =receiptsandpayment!K318 -> 66.83
B15: Marquee Hire | H15: 150 | I15: =receiptsandpayment!L318 -> 150
B16: Grants / Donations | H16: 0 | I16: =receiptsandpayment!M318 -> 0
B17: Reclaimable VAT | H17: 1500 | I17: =receiptsandpayment!N318 -> 422.8
B18: Miscellaneous | H18: 200 | I18: =receiptsandpayment!O318 -> 330
B19: Transfer Between Accounts | I19: =receiptsandpayment!P318 -> 45.24
A20: Play Area | B20: Play Area fundraising | H20: 500 | I20: =receiptsandpayment!Q318 -> 1677
B21: Play Area Account - 200 Club | H21: 1300 | I21: =receiptsandpayment!R318 -> 2700
A22: Village Green | B22: Interest - Village Green A/c | H22: 800 | I22: =receiptsandpayment!S318 -> 756.54
B23: Easement receipt | H23: 0 | I23: =receiptsandpayment!T318 -> 100
B24: Wayleaves - BT | H24: 2626.76 | I24: =receiptsandpayment!U318 -> 2636.76
B25: Wayleaves - UK PowerNetwork | H25: 450 | I25: =receiptsandpayment!V318 -> 219.13
B26: Wayleaves - Gigaclear | H26: 650 | I26: =receiptsandpayment!W318 -> 0
B27: TOTAL | H27: =SUM(H12:H26) -> 20516.26 | I27: =SUM(I12:I26) -> 21489.32
B28: TOTAL w/o Village Green & Play Area income | C28: =C27-C21-C22-C23-C24-C25-C26-#REF! -> #REF! | H28: =H27-H20-H21-H22-H23-H24-H25-H26 -> 14189.5 | I28: =I27-I20-I21-I22-I23-I24-I25-I26 -> 13399.89
B30: PAYMENTS
B31: Wages net of PAYE | H31: 3109.6 | I31: =receiptsandpayment!X318 -> 2868.55
B32: HMRC PAYE | H32: 777.4 | I32: =receiptsandpayment!Y318 -> 471.8
B33: Clerk's Expenses & Stationery | H33: 400 | I33: =receiptsandpayment!Z318 -> 85.72 | K33: =SUM(I33:I66) -> 9076.47
B34: Training Costs | H34: 200 | I34: =receiptsandpayment!AA318 -> 40
B35: Subscriptions - BALC, OSS, | H35: 100 | I35: =receiptsandpayment!AB318 -> 82.37
B36: Insurance | H36: 1800 | I36: =receiptsandpayment!AC318 -> 2227.26
B37: Data protection - ICO | H37: 40 | I37: =receiptsandpayment!AD318 -> 0
B38: Election Costs | H38: 0 | I38: =receiptsandpayment!AE318 -> 0
B39: Internal Audit | H39: 100 | I39: =receiptsandpayment!AF318 -> 120
B40: External Audit | H40: 0 | I40: =receiptsandpayment!AG318 -> 0
B41: Hire of Village Hall for meetings | H41: 250 | I41: =receiptsandpayment!AH318 -> 476
B42: Transfer between Accounts | I42: =receiptsandpayment!AI318 -> 45.24
B43: Devolved Services (Tractor Repairs etc) | H43: 1184 | I43: =receiptsandpayment!AJ318 -> 211.76
B44: Village Events | H44: 300 | I44: =receiptsandpayment!AK318 -> 0
B45: Pond | H45: 0 | I45: =receiptsandpayment!AL318 -> 330
B46: Emptying of Dog Bins (AVDC) | H46: 500 | I46: =receiptsandpayment!AM318 -> 792.28
B47: Electrical Equipment - MVAS, PA system, Defib | H47: 200 | I47: =receiptsandpayment!AN318 -> 0
B48: Grants Section 137 | H48: 500 | I48: =receiptsandpayment!AO318 -> 0
B49: Website / Laptop | H49: 300 | I49: =receiptsandpayment!AP318 -> 750.28
B50: Archiving | H50: 15 | I50: =receiptsandpayment!AQ318 -> 0
B51: Footpaths | H51: 100 | I51: =receiptsandpayment!AR318 -> 0
B52: VAT | I52: =receiptsandpayment!AS318 -> 303.76
B53: PLAY AREA
A54: Play Area | B54: Play Area Maintenance | H54: 1500 | I54: =receiptsandpayment!AT318 -> 917.71
B55: Pay Area Equipment | H55: 1500 | I55: =receiptsandpayment!AU318 -> 636
B56: 200 Club lottery registration | H56: 40 | I56: =receiptsandpayment!AV318 -> 20
B57: Play Area 200 Club prizes | H57: 1680 | I57: =receiptsandpayment!AW318 -> 1671.09
B58: RoSPA Inspection | H58: 150 | I58: =receiptsandpayment!AX318 -> 192
B59: VILLAGE GREEN
A60: Village Green | B60: Trees & Grounds Maintenance | H60: 1500 | I60: =receiptsandpayment!AY318 -> 0
B61: Village Notice Boards / Benches - maintenance & repairs | H61: 2500 | I61: =receiptsandpayment!AZ318 -> 0
B62: Legal Fees for the Green | H62: 1000 | I62: =receiptsandpayment!BA318 -> 0
B63: Tractor Insurance | H63: 600 | I63: =receiptsandpayment!BB318 -> 0
B64: Tractor servicing & repairs | H64: 1500 | I64: =receiptsandpayment!BC318 -> 0
B65: Mower servicing & repairs | H65: 300 | I65: =receiptsandpayment!BD318 -> 0
B66: Miscellaneous | I66: =receiptsandpayment!BE318 -> 175
B67: TOTAL | H67: =SUM(H31:H66) -> 22146 | I67: =SUM(I31:I66) -> 12416.82
B68: Total w/o Village Green, Play Area expenditure | C68: =C67-C54-C57-C60 -> 0 | H68: =H67-H54-H55-H56-H57-H58-H60-H61-H62-H63-H64-H65 -> 9876 | I68: =I67-I54-I57-I60 -> 9828.02
B70: TOTAL RECEIPTS LESS TOTAL PAYMENTS | C70: =C27-C67 -> 0 | H70: =H27-H67 -> -1629.74 | I70: =I27-I67 -> 9072.5
B72: CLOSING BOOK BALANCE | H72: =H9+H70 -> 88153.73 | I72: =H9+I70 -> 98855.97
B73: Chqs not yet presented
B75: Jul-24 | I75: 85
B76: Aug-24 | I76: 35
B77: Sept-24 | I77: 45
B79: Jan-25 | I79: 130
B80: CLOSING BANK BALANCE | I80: =SUM(I72:I79) -> 99150.97
B82: Reconciliation | I82: 2024/25
B83: Balance at Bank 1st April 2024 | I83: 89783.47
B84: Add: Income | I84: =I27 -> 21489.32
B85: Less: Expenditure | I85: =I67 -> 12416.82
B86: Balance available at Bank | I86: =I83+I84-I85 -> 98855.97
B88: Bank Reconciliation
B89: Treasurer's Account xx560 | I89: 7915.01
B90: Play Area Account xx968 | I90: 9179.34
B91: Charities Account xx860 | I91: 452.39
B92: Village Green Account xx168 | I92: 81734.23
B93: Balance at Bank | I93: =SUM(I89:I92) -> 99280.97
B94: Cheques not deposited | I94: 425
B95: Available at 31-12-24 | I95: =I93-I94 -> 98855.97

Sheet Explanation of Variances
A1: Section 1 | B1: 2022/23 | C1: 2023/24 | D1: Variance (+/-) | E1: Explanation of Variances
A3: Box 2 Precept | B3: 10935 | C3: 10935 | D3: =C3-B3 -> 0 | E3: No comment required
A5: Box 3 Other income | B5: 9031 | C5: 13615 | D5: =C5-B5 -> 4584 | E5: £2151 - Donation from Ludgershall Fete, £189 - Openreach Wayleave, £1,282 - Gigaclear Wayleave 2023 & 2024. £797 - VG Account Interest
A7: Box 4 Staff Costs | B7: 3751 | C7: 3973 | D7: =C7-B7 -> 222 | E7: No comment required
A9: Box 5 Loan Interest | B9: 0 | C9: 0 | D9: =C9-B9 -> 0 | E9: No comment required
A11: Box 6 Other Payments | B11: 18919 | C11: 11356 | D11: =C11-B11 -> -7563 | E11: £3,713 - 2022 Jubliee Costs, £1,236 - New Benches, £1,062 Posts on the Village Green, £480 - Tree Work, £1,124 - Tractor Service
A13: Box 7 Balances C/Fwd | B13: 80196 | C13: 89763 | D13: =C13-B13 -> 9567 | E13: No comment required
A15: Box 9 Fixed Assets | B15: 129574 | C15: 129404 | D15: =C15-B15 -> -170 | E15: £170 - Sale of Jet Washer
A17: Box 10 Total Borrowings | B17: 0 | C17: 0 | D17: =C17-B17 -> 0 | E17: No comment required
J23: =SUM(J7:J22) -> 0

Sheet End of Year Bank Rec
A1: Ludgershall Parish Council
A2: 1.1 Bank Reconciliation Financial Year Ending 31 March 2024
A4: Balance per Bank Statements as at 31 March 2023 | G4: O/S Cheques
A5: Current Account xx560 | E5: 4272.11 | G5: 125
A6: Play Area Account xx968 | E6: 7209
A7: Savings Account xx860 | E7: 447.75
A8: Village Green Account xx168 | E8: 77959.61
A9: Net Balance as at 31 March 2024 | E9: =SUM(E5:E8) -> 89888.47 | F9: =SUM(E5:E8)-G5 -> 89763.47
A12: Cash Book
A13: Opening Balance 1 April 2023 | G13: 80542.09
A14: Add: Receipts in the Year | G14: 24550
A15: Less: Payments in the Year | G15: 15328.62
A16: Closing Balance per Cash Book as at 31 March 2024 | G16: =SUM(G13:G14)-G15 -> 89763.47

Sheet Asset Register
A1: Description | B1: Value £
A2: Village Green Title BM66944 purchased by the Village in 1980 | B2: 1 | D2: Nat surf
A3: Village Green Title BM79314 purchased by the Village in 1980 | B3: 1 | D3: Nat surf
A4: Kubota B3030 Tractor (purchased July 2013) | B4: 14934.6 | D4: M&M
A5: Wessex Finishing Mower (purchased July 2013) | B5: 1892.7 | D5: M&M
A6: Marquee (purchased from rder Sept 2004) | B6: 7163.98 | D6: OE
A7: Street Furniture (6 Benches, 2 Noticeboards, 2 Rubbish bins, Picnic table) | B7: 4118.25 | D7: SF
A8: 2 Notice Boards (purchased May 2013) | B8: 1880 | D8: SF
A9: 3 Dog waste bins (purchased August 2013) | B9: 924.63 | D9: SF
A10: Defibrillator & cabinet (purchased March 2014) | B10: 1598.25 | D10: SF
A11: Playground Equipment 2020 | B11: 81000 | D11: Play
A12: Strimmer for Play Area | B12: 180 | D12: M&M
A13: Bike Night Bench (purchased June 2014) | B13: 563 | D13: SF
... A20: Laminator | B20: 51.94 | D20: Office
A21: Barbecue | B21: 320
A22: Memorial & Coronation Bench (purchased 2023) | B22: 1235 | D22: SF
A23: Total | B23: =SUM(B2:B22) -> 131906.17

Sheet page 3
